[ AOE2 MATCH · #493331358 ]
UnrankedSaracens vs Britons
[ REPLAY ANALYSIS · EXTRACTED FROM THE RECORDED GAME ]
Feudal
8:56
Castle
—
Imperial
—
| APM avg | 45.6 |
| APM peak | 84 |
| eAPM avg | 16.0 |
| Villagers / military | 37 / 16 |
Focus
⚔️ 27.5% · 🌾 72.5%
Archer ×12 · Spearman ×4
Feudal
9:43
Castle
—
Imperial
—
| APM avg | 35.6 |
| APM peak | 83 |
| eAPM avg | 11.8 |
| Villagers / military | 45 / 9 |
Focus
⚔️ 17.4% · 🌾 82.6%
Scout Cavalry ×9
Feudal
10:40
Castle
—
Imperial
—
| APM avg | 31.5 |
| APM peak | 82 |
| eAPM avg | 14.9 |
| Villagers / military | 50 / 14 |
Focus
⚔️ 28.9% · 🌾 71.1%
Archer ×10 · Spearman ×4
Feudal
10:24
Castle
—
Imperial
—
| APM avg | 50.0 |
| APM peak | 112 |
| eAPM avg | 21.1 |
| Villagers / military | 54 / 24 |
Focus
⚔️ 38.1% · 🌾 61.9%
Archer ×23 · Spearman ×1
Feudal
13:31
Castle
16:35
Imperial
—
| APM avg | 19.2 |
| APM peak | 64 |
| eAPM avg | 9.6 |
| Villagers / military | 31 / 7 |
Focus
⚔️ 15.0% · 🌾 85.0%
Scout Cavalry ×7
Feudal
12:27
Castle
16:45
Imperial
—
| APM avg | 19.8 |
| APM peak | 46 |
| eAPM avg | 7.2 |
| Villagers / military | 41 / 0 |
Focus
⚔️ 3.6% · 🌾 96.4%
Feudal
9:27
Castle
—
Imperial
—
| APM avg | 39.2 |
| APM peak | 83 |
| eAPM avg | 15.4 |
| Villagers / military | 65 / 13 |
Focus
⚔️ 24.9% · 🌾 75.1%
Scout Cavalry ×13
Feudal
11:06
Castle
—
Imperial
—
| APM avg | 58.0 |
| APM peak | 92 |
| eAPM avg | 12.9 |
| Villagers / military | 44 / 6 |
Focus
⚔️ 9.4% · 🌾 90.6%
Scout Cavalry ×6
Match map
Initial resources + every placement click. Lines = walls · curves = elevation contours. ◆ gold · ⬟ stone · ● berries · ✦ relic · ◌ wall gap
Your base· Open — unwalled flank
LRNI_Ghost-Jhon's base· Open — 8t gap
SRBinBlue's base· Open — unwalled flank
LRNI_Bélico's base· Open — unwalled flank
JERRY's base· ✓ Closed at 16:35 · 2t walls · fragile
MOJO JOJO's base· ✓ Closed at 16:45 · 0t walls · fragile
LRNI_robotech's base· Open — unwalled flank
cuilao8123's base· Open — unwalled flank
Smoothed initial terrain · ◌ = detected wall gap · hover for details
Inputs per minute
— Petrovisky - - LRNI_Ghost-Jhon
Build order — Petrovisky
98 actions detected in the replay
| 0:00 | Create | Villager (Male) |
| 0:01 | Create | Villager (Male) |
| 0:01 | Create | Villager (Male) |
| 0:01 | Create | Villager (Male) |
| 0:01 | Create | Villager (Male) |
| 0:04 | Build | House |
| 0:06 | Build | House |
| 1:32 | Create | Villager (Male) |
| 2:03 | Create | Villager (Male) |
| 2:04 | Create | Villager (Male) |
| 2:23 | Create | Villager (Male) |
| 2:29 | Build | Lumber Camp |
| 2:46 | Create | Villager (Male) |
| 3:01 | Build | House |
| 3:08 | Create | Villager (Male) |
| 3:46 | Create | Villager (Male) |
| 3:46 | Create | Villager (Male) |
| 4:03 | Create | Villager (Male) |
| 4:37 | Create | Villager (Male) |
| 4:37 | Create | Villager (Male) |
| 4:37 | Create | Villager (Male) |
| 4:55 | Create | Villager (Male) |
| 5:15 | Create | Villager (Male) |
| 5:27 | Create | Villager (Male) |
| 5:59 | Build | Mining Camp |
| 6:14 | Research | Loom |
| 6:14 | Research | Loom |
| 6:14 | Research | Loom |
| 6:46 | Research | Feudal Age |
| 6:46 | Research | Feudal Age |
| 7:08 | Build | Lumber Camp |
| 7:53 | Create | Villager (Male) |
| 8:09 | Build | House |
| 8:28 | Create | Villager (Male) |
| 8:33 | Build | Barracks |
| 8:56 | Age | Feudal Age |
| 9:03 | Research | Double-Bit Axe |
| 9:03 | Research | Double-Bit Axe |
| 9:03 | Research | Double-Bit Axe |
| 9:36 | Build | Archery Range |
| 10:01 | Build | House |
| 10:09 | Create | Villager (Male) |
| 10:09 | Create | Villager (Male) |
| 10:35 | Create | Archer |
| 10:36 | Create | Archer |
| 10:46 | Build | Blacksmith |
| 10:48 | Build | House |
| 11:01 | Create | Villager (Male) |
| 11:15 | Create | Archer |
| 11:27 | Create | Villager (Male) |
| 11:32 | Create | Archer |
| 11:47 | Create | Villager (Male) |
| 11:57 | Build | Palisade Wall |
| 12:01 | Build | Mill |
| 12:05 | Create | Archer |
| 12:05 | Create | Villager (Male) |
| 12:12 | Create | Archer |
| 12:43 | Build | Farm |
| 12:44 | Build | Farm |
| 12:48 | Create | Villager (Male) |
| 13:05 | Build | Farm |
| 13:08 | Create | Archer |
| 13:08 | Create | Villager (Male) |
| 13:12 | Create | Archer |
| 13:24 | Create | Spearman |
| 13:48 | Build | House |
| 13:49 | Build | House |
| 13:59 | Build | Farm |
| 14:01 | Build | Farm |
| 14:02 | Build | Farm |
| 14:11 | Build | Palisade Wall |
| 14:27 | Create | Villager (Male) |
| 14:27 | Research | Fletching |
| 14:28 | Research | Fletching |
| 14:35 | Create | Archer |
| 15:04 | Create | Spearman |
| 15:04 | Create | Spearman |
| 15:28 | Create | Villager (Male) |
| 15:28 | Create | Villager (Male) |
| 15:30 | Build | Farm |
| 15:31 | Build | Farm |
| 15:36 | Create | Archer |
| 15:50 | Build | House |
| 15:51 | Build | House |
| 15:52 | Build | House |
| 15:58 | Build | House |
| 16:13 | Create | Archer |
| 16:16 | Create | Spearman |
| 16:17 | Create | Archer |
| 16:21 | Create | Villager (Male) |
| 16:22 | Create | Villager (Male) |
| 16:24 | Build | Farm |
| 16:30 | Build | House |
| 16:32 | Build | House |
| 17:01 | Create | Villager (Male) |
| 17:04 | Create | Villager (Male) |
| 17:07 | Build | Farm |
| 17:08 | Build | Farm |
Build order — LRNI_Ghost-Jhon
103 actions detected in the replay
| 0:01 | Create | Villager (Male) |
| 0:01 | Create | Villager (Male) |
| 0:01 | Create | Villager (Male) |
| 0:03 | Build | House |
| 0:04 | Build | House |
| 0:18 | Create | Villager (Male) |
| 0:19 | Create | Villager (Male) |
| 1:24 | Create | Villager (Male) |
| 1:24 | Create | Villager (Male) |
| 1:49 | Build | Lumber Camp |
| 1:54 | Create | Villager (Male) |
| 2:12 | Create | Villager (Male) |
| 2:13 | Create | Villager (Male) |
| 2:44 | Create | Villager (Male) |
| 2:44 | Create | Villager (Male) |
| 3:04 | Create | Villager (Male) |
| 3:04 | Create | Villager (Male) |
| 3:31 | Create | Villager (Male) |
| 3:32 | Create | Villager (Male) |
| 3:49 | Build | House |
| 3:50 | Build | House |
| 4:00 | Create | Villager (Male) |
| 4:01 | Create | Villager (Male) |
| 4:01 | Create | Villager (Male) |
| 4:22 | Build | Mill |
| 4:59 | Create | Villager (Male) |
| 5:14 | Create | Villager (Male) |
| 5:15 | Create | Villager (Male) |
| 6:01 | Create | Villager (Male) |
| 6:06 | Create | Villager (Male) |
| 6:06 | Research | Loom |
| 7:17 | Build | Barracks |
| 7:33 | Research | Feudal Age |
| 7:41 | Build | Lumber Camp |
| 7:44 | Create | Villager (Male) |
| 7:50 | Build | House |
| 8:48 | Build | House |
| 8:51 | Build | Palisade Wall |
| 9:17 | Create | Villager (Male) |
| 9:43 | Age | Feudal Age |
| 9:47 | Build | Stable |
| 9:51 | Build | Palisade Wall |
| 9:56 | Research | Double-Bit Axe |
| 9:57 | Create | Villager (Male) |
| 10:21 | Create | Villager (Male) |
| 10:37 | Build | Blacksmith |
| 10:39 | Create | Scout Cavalry |
| 10:40 | Create | Scout Cavalry |
| 10:40 | Create | Scout Cavalry |
| 11:23 | Create | Scout Cavalry |
| 11:30 | Create | Villager (Male) |
| 11:30 | Create | Villager (Male) |
| 11:35 | Build | Pasture |
| 11:39 | Build | Pasture |
| 11:48 | Build | Palisade Wall |
| 11:58 | Build | Pasture |
| 12:01 | Create | Villager (Male) |
| 12:27 | Create | Villager (Male) |
| 12:30 | Build | Pasture |
| 12:51 | Research | Forging |
| 12:52 | Research | Forging |
| 12:59 | Build | Pasture |
| 13:06 | Build | House |
| 13:07 | Build | House |
| 13:09 | Create | Villager (Male) |
| 13:27 | Create | Villager (Male) |
| 13:28 | Create | Villager (Male) |
| 13:47 | Create | Scout Cavalry |
| 13:47 | Create | Scout Cavalry |
| 13:59 | Build | Pasture |
| 13:59 | Build | Pasture |
| 14:00 | Build | Pasture |
| 14:00 | Build | Pasture |
| 14:01 | Build | Pasture |
| 14:02 | Build | Pasture |
| 14:02 | Build | Pasture |
| 14:02 | Build | Pasture |
| 14:25 | Create | Villager (Male) |
| 14:53 | Build | Pasture |
| 14:53 | Build | Pasture |
| 14:54 | Build | Pasture |
| 14:58 | Build | Pasture |
| 15:11 | Create | Villager (Male) |
| 16:00 | Create | Villager (Male) |
| 16:01 | Create | Villager (Male) |
| 16:02 | Build | Pasture |
| 16:05 | Create | Scout Cavalry |
| 16:05 | Create | Scout Cavalry |
| 16:05 | Create | Scout Cavalry |
| 16:19 | Create | Villager (Male) |
| 16:31 | Build | Stable |
| 16:34 | Build | Mining Camp |
| 16:36 | Create | Villager (Male) |
| 17:07 | Create | Villager (Male) |
| 17:45 | Create | Villager (Male) |
| 17:54 | Build | House |
| 17:55 | Build | House |
| 18:08 | Build | Pasture |
| 18:10 | Build | Pasture |
| 18:11 | Create | Villager (Male) |
| 18:46 | Create | Villager (Male) |
| 18:49 | Build | Pasture |
| 19:00 | Build | Market |
Build order — SRBinBlue
108 actions detected in the replay
| 0:01 | Create | Villager (Male) ×4 |
| 0:03 | Build | House |
| 0:04 | Build | House |
| 1:17 | Create | Villager (Male) |
| 1:47 | Create | Villager (Male) |
| 2:20 | Create | Villager (Male) |
| 2:45 | Create | Villager (Male) |
| 2:46 | Create | Villager (Male) |
| 3:42 | Create | Villager (Male) |
| 3:42 | Create | Villager (Male) |
| 4:02 | Build | Lumber Camp |
| 4:10 | Build | House |
| 4:23 | Build | Mill |
| 4:36 | Create | Villager (Male) |
| 4:36 | Create | Villager (Male) |
| 4:38 | Create | Villager (Male) |
| 4:41 | Research | Loom |
| 4:41 | Create | Villager (Male) |
| 4:41 | Create | Villager (Male) |
| 4:47 | Create | Villager (Male) |
| 4:50 | Build | House |
| 5:49 | Build | House |
| 5:54 | Create | Villager (Male) |
| 5:54 | Create | Villager (Male) |
| 5:55 | Create | Villager (Male) |
| 5:55 | Create | Villager (Male) |
| 5:55 | Create | Villager (Male) |
| 6:12 | Create | Villager (Male) |
| 6:12 | Create | Villager (Male) |
| 6:15 | Create | Villager (Male) |
| 7:00 | Create | Villager (Male) |
| 7:00 | Create | Villager (Male) |
| 7:00 | Create | Villager (Male) |
| 7:03 | Build | Mill |
| 7:42 | Build | Palisade Wall |
| 8:00 | Create | Villager (Male) |
| 8:27 | Research | Feudal Age |
| 8:44 | Build | Mining Camp |
| 9:09 | Create | Villager (Male) |
| 9:51 | Create | Villager (Male) |
| 10:00 | Build | Barracks |
| 10:14 | Build | Palisade Wall |
| 10:40 | Age | Feudal Age |
| 10:55 | Build | Palisade Wall |
| 11:00 | Create | Villager (Male) |
| 11:14 | Create | Spearman |
| 11:21 | Build | Archery Range |
| 11:36 | Create | Villager (Male) |
| 11:50 | Create | Spearman |
| 11:50 | Create | Spearman |
| 12:12 | Create | Spearman |
| 12:30 | Build | Stone Wall |
| 12:34 | Create | Villager (Male) |
| 12:34 | Create | Villager (Male) |
| 12:36 | Create | Archer |
| 12:36 | Create | Archer |
| 12:36 | Create | Archer |
| 12:37 | Create | Archer |
| 12:48 | Create | Villager (Male) |
| 12:51 | Create | Villager (Male) |
| 12:53 | Create | Villager (Male) |
| 13:01 | Research | Double-Bit Axe |
| 13:04 | Research | Wheelbarrow |
| 13:06 | Create | Villager (Male) |
| 13:10 | Build | House |
| 13:17 | Create | Villager (Male) |
| 13:19 | Create | Villager (Male) |
| 13:28 | Build | Farm |
| 13:28 | Build | Farm |
| 13:28 | Build | Farm |
| 13:28 | Build | Farm |
| 13:49 | Create | Archer |
| 13:50 | Create | Archer |
| 14:01 | Build | Stone Wall |
| 14:08 | Build | Stone Wall |
| 14:10 | Build | Stone Wall |
| 14:11 | Create | Villager (Male) |
| 14:13 | Create | Archer |
| 14:17 | Create | Villager (Male) |
| 14:23 | Build | House |
| 14:26 | Build | House |
| 14:37 | Build | Stone Wall |
| 14:42 | Build | Stone Wall |
| 14:45 | Create | Archer |
| 14:51 | Build | Farm |
| 14:52 | Build | Farm |
| 14:52 | Build | Farm |
| 14:52 | Build | Farm |
| 14:53 | Build | Farm |
| 15:11 | Create | Villager (Male) |
| 15:13 | Build | Farm |
| 15:14 | Build | Farm |
| 15:28 | Build | Archery Range |
| 15:31 | Create | Villager (Male) |
| 15:57 | Build | House |
| 15:59 | Build | House |
| 16:14 | Create | Villager (Male) |
| 16:17 | Create | Archer |
| 16:18 | Create | Archer |
| 16:29 | Create | Villager (Male) |
| 16:32 | Build | Farm |
| 16:32 | Build | Farm |
| 16:32 | Build | Farm |
| 16:46 | Create | Villager (Male) |
| 16:50 | Create | Villager (Male) |
| 16:52 | Build | House |
| 16:55 | Build | House |
| 16:58 | Create | Villager (Male) |
Build order — LRNI_Bélico
134 actions detected in the replay
| 0:02 | Create | Villager (Male) |
| 0:03 | Create | Villager (Male) |
| 0:03 | Create | Villager (Male) |
| 0:03 | Create | Villager (Male) |
| 0:03 | Create | Villager (Male) |
| 0:05 | Build | House |
| 0:07 | Build | House |
| 1:36 | Create | Villager (Male) |
| 1:36 | Create | Villager (Male) |
| 1:37 | Create | Villager (Male) |
| 1:37 | Create | Villager (Male) |
| 1:52 | Build | Lumber Camp |
| 2:21 | Create | Villager (Male) |
| 2:21 | Create | Villager (Male) |
| 3:15 | Create | Villager (Male) |
| 3:15 | Create | Villager (Male) |
| 3:15 | Create | Villager (Male) |
| 3:15 | Create | Villager (Male) |
| 3:24 | Create | Villager (Male) |
| 3:24 | Create | Villager (Male) |
| 3:24 | Create | Villager (Male) |
| 3:24 | Create | Villager (Male) |
| 3:47 | Create | Villager (Male) |
| 3:47 | Create | Villager (Male) |
| 4:04 | Create | Villager (Male) |
| 4:10 | Build | House |
| 4:11 | Build | House |
| 4:33 | Create | Villager (Male) |
| 4:33 | Create | Villager (Male) |
| 4:36 | Build | Mill |
| 4:59 | Create | Villager (Male) |
| 5:07 | Create | Villager (Male) |
| 5:53 | Create | Villager (Male) |
| 6:56 | Create | Villager (Male) |
| 6:56 | Create | Villager (Male) |
| 7:29 | Research | Loom |
| 8:14 | Research | Feudal Age |
| 8:15 | Research | Feudal Age |
| 8:15 | Research | Feudal Age |
| 8:37 | Build | Barracks |
| 8:39 | Build | Barracks |
| 9:09 | Build | Lumber Camp |
| 9:15 | Build | House |
| 9:15 | Build | House |
| 9:31 | Build | Mining Camp |
| 9:45 | Build | Palisade Gate |
| 10:18 | Create | Villager (Male) |
| 10:18 | Create | Villager (Male) |
| 10:24 | Age | Feudal Age |
| 10:32 | Build | Archery Range |
| 10:51 | Research | Double-Bit Axe |
| 10:51 | Research | Double-Bit Axe |
| 11:05 | Create | Spearman |
| 11:10 | Create | Villager (Male) |
| 11:27 | Create | Villager (Male) |
| 11:30 | Create | Archer |
| 12:00 | Build | Archery Range |
| 12:01 | Create | Archer |
| 12:04 | Create | Villager (Male) |
| 12:10 | Create | Villager (Male) |
| 12:25 | Create | Archer |
| 12:27 | Create | Villager (Male) |
| 12:37 | Create | Villager (Male) |
| 12:42 | Create | Archer |
| 12:50 | Create | Villager (Male) |
| 12:58 | Build | Blacksmith |
| 12:59 | Create | Archer |
| 13:12 | Create | Villager (Male) |
| 13:23 | Build | Farm |
| 13:26 | Create | Villager (Male) |
| 13:31 | Create | Archer |
| 13:32 | Create | Archer |
| 13:36 | Build | House |
| 13:53 | Build | Palisade Gate |
| 14:03 | Create | Villager (Male) |
| 14:06 | Build | Farm |
| 14:07 | Build | Farm |
| 14:11 | Build | House |
| 14:11 | Build | House |
| 14:11 | Build | House |
| 14:15 | Build | House |
| 14:19 | Create | Archer |
| 14:19 | Create | Archer |
| 14:29 | Create | Villager (Male) |
| 14:31 | Build | Farm |
| 14:43 | Research | Fletching |
| 14:43 | Research | Fletching |
| 14:45 | Create | Villager (Male) |
| 14:47 | Build | Farm |
| 14:53 | Build | House |
| 14:54 | Build | Palisade Wall |
| 15:00 | Create | Archer |
| 15:04 | Create | Archer |
| 15:04 | Create | Archer |
| 15:14 | Create | Villager (Male) |
| 15:21 | Build | Farm |
| 15:22 | Build | Farm |
| 15:25 | Create | Villager (Male) |
| 15:30 | Research | Padded Archer Armor |
| 15:30 | Research | Padded Archer Armor |
| 15:47 | Create | Villager (Male) |
| 15:49 | Build | Farm |
| 15:50 | Build | Farm |
| 15:52 | Build | Farm |
| 15:57 | Create | Archer |
| 15:58 | Create | Archer |
| 15:58 | Create | Archer |
| 16:19 | Create | Archer |
| 16:31 | Create | Archer |
| 16:32 | Create | Archer |
| 16:51 | Create | Villager (Male) |
| 16:52 | Build | Farm |
| 16:53 | Build | Farm |
| 16:54 | Build | Farm |
| 16:56 | Build | Farm |
| 17:10 | Build | Farm |
| 17:11 | Create | Villager (Male) |
| 17:18 | Build | House |
| 17:36 | Build | Farm |
| 17:49 | Create | Villager (Male) |
| 17:50 | Build | Farm |
| 17:51 | Create | Villager (Male) |
| 18:09 | Build | Farm |
| 18:24 | Build | Farm |
| 18:25 | Create | Villager (Male) |
| 18:28 | Create | Archer |
| 18:28 | Create | Archer |
| 18:34 | Create | Archer |
| 18:34 | Create | Archer |
| 18:34 | Create | Archer |
| 18:36 | Create | Villager (Male) |
| 18:48 | Create | Villager (Male) |
| 18:50 | Build | Farm |
| 19:01 | Create | Villager (Male) |
Build order — JERRY
79 actions detected in the replay
| 0:03 | Create | Villager (Male) |
| 0:03 | Create | Villager (Male) |
| 0:04 | Create | Villager (Male) |
| 0:04 | Create | Villager (Male) |
| 0:04 | Create | Villager (Male) |
| 0:07 | Build | House |
| 1:41 | Create | Villager (Male) |
| 1:49 | Build | House |
| 1:50 | Build | House |
| 1:51 | Build | House |
| 2:01 | Create | Villager (Male) |
| 2:06 | Create | Villager (Male) |
| 2:50 | Create | Villager (Male) |
| 3:09 | Create | Villager (Male) |
| 3:19 | Create | Villager (Male) |
| 3:45 | Create | Villager (Male) |
| 4:20 | Build | Lumber Camp |
| 4:24 | Create | Villager (Male) |
| 4:25 | Create | Villager (Male) |
| 4:47 | Create | Villager (Male) |
| 4:50 | Research | Loom |
| 5:18 | Create | Villager (Male) |
| 5:33 | Build | Mining Camp |
| 5:38 | Create | Villager (Male) |
| 5:54 | Create | Villager (Male) |
| 5:58 | Create | Villager (Male) |
| 6:27 | Create | Villager (Male) |
| 6:27 | Create | Villager (Male) |
| 6:55 | Create | Villager (Male) |
| 7:43 | Create | Villager (Male) |
| 7:43 | Create | Villager (Male) |
| 7:43 | Create | Villager (Male) |
| 7:44 | Create | Villager (Male) |
| 8:11 | Create | Villager (Male) |
| 8:17 | Build | House |
| 9:26 | Build | Farm |
| 9:27 | Build | Farm |
| 9:28 | Build | Farm |
| 9:29 | Build | Farm |
| 9:30 | Build | Farm |
| 9:31 | Build | Farm |
| 9:32 | Build | Farm |
| 9:33 | Build | Farm |
| 9:34 | Build | Farm |
| 9:35 | Build | Farm |
| 9:36 | Build | Farm |
| 9:56 | Build | Farm |
| 10:01 | Create | Villager (Male) |
| 10:11 | Build | Farm |
| 10:22 | Build | Farm |
| 10:50 | Create | Villager (Male) |
| 11:01 | Build | Farm |
| 11:13 | Build | House |
| 11:15 | Build | House |
| 11:16 | Build | House |
| 11:21 | Research | Feudal Age |
| 11:28 | Build | Mill |
| 12:14 | Build | Palisade Wall |
| 12:35 | Build | Farm |
| 12:42 | Build | House |
| 12:46 | Build | House |
| 12:53 | Build | Palisade Wall |
| 13:31 | Age | Feudal Age |
| 13:55 | Research | Castle Age |
| 14:48 | Build | Stable |
| 14:51 | Build | Stable |
| 15:54 | Research | Bloodlines |
| 15:57 | Create | Scout Cavalry |
| 15:57 | Create | Scout Cavalry |
| 16:35 | Age | Castle Age |
| 16:50 | Research | Light Cavalry (upgrade) |
| 17:43 | Create | Scout Cavalry |
| 17:43 | Create | Scout Cavalry |
| 18:08 | Create | Villager (Male) |
| 18:12 | Create | Villager (Male) |
| 18:15 | Create | Scout Cavalry |
| 18:15 | Create | Scout Cavalry |
| 18:25 | Create | Scout Cavalry |
| 18:38 | Build | Town Center |
Build order — MOJO JOJO
69 actions detected in the replay
| 0:10 | Build | House |
| 0:12 | Build | House |
| 0:14 | Create | Villager (Male) |
| 0:14 | Create | Villager (Male) |
| 0:14 | Create | Villager (Male) |
| 0:14 | Create | Villager (Male) |
| 0:15 | Create | Villager (Male) |
| 1:43 | Create | Villager (Male) |
| 1:44 | Create | Villager (Male) |
| 2:18 | Create | Villager (Male) |
| 2:18 | Create | Villager (Male) |
| 2:46 | Create | Villager (Male) |
| 2:46 | Create | Villager (Male) |
| 3:06 | Create | Villager (Male) |
| 3:06 | Create | Villager (Male) |
| 3:07 | Create | Villager (Male) |
| 3:07 | Create | Villager (Male) |
| 4:09 | Build | Lumber Camp |
| 4:14 | Build | House |
| 4:49 | Create | Villager (Male) |
| 4:50 | Create | Villager (Male) |
| 5:17 | Create | Villager (Male) |
| 5:17 | Create | Villager (Male) |
| 5:17 | Create | Villager (Male) |
| 5:17 | Create | Villager (Male) |
| 5:18 | Create | Villager (Male) |
| 5:54 | Create | Villager (Male) |
| 5:55 | Create | Villager (Male) |
| 5:55 | Create | Villager (Male) |
| 5:55 | Create | Villager (Male) |
| 5:55 | Create | Villager (Male) |
| 6:47 | Create | Villager (Male) |
| 6:47 | Create | Villager (Male) |
| 6:48 | Create | Villager (Male) |
| 6:59 | Build | House |
| 7:57 | Build | Mill |
| 8:08 | Create | Villager (Male) |
| 8:54 | Research | Loom |
| 9:27 | Create | Villager (Male) |
| 9:28 | Create | Villager (Male) |
| 9:39 | Build | Farm |
| 9:40 | Build | Farm |
| 9:41 | Build | Farm |
| 9:42 | Build | Farm |
| 9:54 | Research | Feudal Age |
| 10:01 | Build | Mining Camp |
| 11:05 | Build | House |
| 12:27 | Age | Feudal Age |
| 12:50 | Create | Villager (Male) |
| 12:50 | Create | Villager (Male) |
| 13:36 | Create | Villager (Male) |
| 14:02 | Research | Castle Age |
| 14:23 | Research | Double-Bit Axe |
| 15:41 | Build | Farm |
| 15:41 | Build | Farm |
| 15:41 | Build | Farm |
| 15:41 | Build | Farm |
| 15:42 | Build | Farm |
| 15:43 | Build | Farm |
| 15:44 | Build | Farm |
| 15:48 | Research | Horse Collar |
| 16:45 | Age | Castle Age |
| 16:49 | Build | Mining Camp |
| 16:57 | Create | Villager (Male) |
| 16:57 | Create | Villager (Male) |
| 16:58 | Create | Villager (Male) |
| 16:58 | Create | Villager (Male) |
| 16:58 | Create | Villager (Male) |
| 17:07 | Build | Town Center |
Build order — LRNI_robotech
130 actions detected in the replay
| 0:02 | Create | Villager (Male) |
| 0:02 | Create | Villager (Male) |
| 0:03 | Build | House |
| 0:05 | Build | House |
| 0:11 | Create | Villager (Male) |
| 0:11 | Create | Villager (Male) |
| 1:33 | Create | Villager (Male) |
| 1:34 | Create | Villager (Male) |
| 2:13 | Create | Villager (Male) |
| 2:15 | Create | Villager (Male) |
| 2:35 | Build | House |
| 2:37 | Build | Mill |
| 2:47 | Create | Villager (Male) |
| 3:10 | Create | Villager (Male) |
| 3:10 | Create | Villager (Male) |
| 3:35 | Create | Villager (Male) |
| 3:36 | Create | Villager (Male) |
| 4:09 | Create | Villager (Male) |
| 4:09 | Create | Villager (Male) |
| 4:25 | Create | Villager (Male) |
| 4:25 | Create | Villager (Male) |
| 4:32 | Build | Lumber Camp |
| 4:47 | Create | Villager (Male) |
| 4:47 | Create | Villager (Male) |
| 5:37 | Create | Villager (Male) |
| 5:37 | Create | Villager (Male) |
| 5:37 | Create | Villager (Male) |
| 6:05 | Build | House |
| 6:18 | Create | Villager (Male) |
| 6:19 | Create | Villager (Male) |
| 6:22 | Create | Villager (Male) |
| 6:22 | Create | Villager (Male) |
| 6:39 | Research | Loom |
| 7:14 | Research | Feudal Age |
| 7:37 | Build | Mill |
| 8:21 | Create | Villager (Male) |
| 9:14 | Build | Barracks |
| 9:18 | Create | Villager (Male) |
| 9:19 | Create | Villager (Male) |
| 9:27 | Age | Feudal Age |
| 10:05 | Create | Villager (Male) |
| 10:09 | Build | Stable |
| 10:12 | Research | Double-Bit Axe |
| 10:14 | Create | Villager (Male) |
| 10:14 | Create | Villager (Male) |
| 10:25 | Build | House |
| 10:33 | Create | Villager (Male) |
| 10:46 | Build | Farm |
| 10:47 | Create | Villager (Male) |
| 10:50 | Create | Scout Cavalry |
| 10:51 | Create | Scout Cavalry |
| 10:51 | Create | Scout Cavalry |
| 10:51 | Create | Scout Cavalry |
| 10:51 | Create | Scout Cavalry |
| 11:01 | Build | Farm |
| 11:06 | Build | House |
| 11:17 | Build | Palisade Wall |
| 11:18 | Create | Villager (Male) |
| 11:21 | Build | Farm |
| 11:33 | Create | Villager (Male) |
| 11:39 | Build | House |
| 11:44 | Build | Farm |
| 11:59 | Build | Farm |
| 12:02 | Create | Villager (Male) |
| 12:02 | Create | Villager (Male) |
| 12:11 | Create | Scout Cavalry |
| 12:19 | Build | Palisade Wall |
| 12:27 | Build | House |
| 12:29 | Create | Scout Cavalry |
| 12:31 | Create | Villager (Male) |
| 12:35 | Build | Farm |
| 12:39 | Build | Farm |
| 12:50 | Build | Palisade Wall |
| 12:53 | Create | Villager (Male) |
| 12:53 | Create | Villager (Male) |
| 13:01 | Create | Villager (Male) |
| 13:05 | Build | Palisade Wall |
| 13:12 | Build | Farm |
| 13:18 | Create | Scout Cavalry |
| 13:35 | Create | Villager (Male) |
| 13:39 | Build | Blacksmith |
| 13:45 | Create | Scout Cavalry |
| 13:46 | Create | Villager (Male) |
| 13:53 | Build | Farm |
| 13:59 | Create | Villager (Male) |
| 14:04 | Build | House |
| 14:08 | Create | Villager (Male) |
| 14:19 | Build | Farm |
| 14:31 | Build | Farm |
| 14:32 | Create | Villager (Male) |
| 14:33 | Create | Villager (Male) |
| 14:40 | Create | Villager (Male) |
| 14:41 | Create | Villager (Male) |
| 14:48 | Build | Farm |
| 14:49 | Create | Villager (Male) |
| 14:58 | Build | Palisade Gate |
| 15:00 | Build | Palisade Wall |
| 15:04 | Create | Villager (Male) |
| 15:07 | Create | Villager (Male) |
| 15:07 | Create | Villager (Male) |
| 15:12 | Build | Farm |
| 15:18 | Create | Scout Cavalry |
| 15:18 | Create | Scout Cavalry |
| 15:19 | Create | Scout Cavalry |
| 15:31 | Research | Forging |
| 15:36 | Build | House |
| 15:38 | Create | Villager (Male) |
| 15:40 | Build | Farm |
| 16:12 | Create | Scout Cavalry |
| 16:13 | Create | Villager (Male) |
| 16:46 | Create | Villager (Male) |
| 16:49 | Build | Farm |
| 16:49 | Build | Farm |
| 16:49 | Build | Farm |
| 16:50 | Build | Farm |
| 16:50 | Build | Farm |
| 16:52 | Create | Villager (Male) |
| 17:36 | Create | Villager (Male) |
| 17:53 | Create | Villager (Male) |
| 18:11 | Create | Villager (Male) |
| 18:12 | Create | Villager (Male) |
| 18:16 | Build | Mining Camp |
| 18:23 | Create | Villager (Male) |
| 18:24 | Create | Villager (Male) |
| 18:27 | Build | Farm |
| 18:27 | Build | Farm |
| 18:28 | Create | Villager (Male) |
| 18:36 | Research | Scale Barding Armor |
| 18:54 | Build | House |
| 18:56 | Build | Stable |
Build order — cuilao8123
83 actions detected in the replay
| 0:01 | Create | Villager (Male) |
| 0:02 | Build | House |
| 0:03 | Build | House |
| 0:16 | Build | House |
| 0:17 | Build | House |
| 1:14 | Create | Villager (Male) |
| 1:14 | Create | Villager (Male) |
| 1:14 | Create | Villager (Male) |
| 1:15 | Create | Villager (Male) |
| 1:15 | Create | Villager (Male) |
| 1:49 | Create | Villager (Male) |
| 1:49 | Create | Villager (Male) |
| 2:33 | Create | Villager (Male) |
| 2:33 | Create | Villager (Male) |
| 2:53 | Create | Villager (Male) |
| 2:54 | Create | Villager (Male) |
| 2:54 | Create | Villager (Male) |
| 3:37 | Create | Villager (Male) |
| 3:38 | Create | Villager (Male) |
| 3:59 | Create | Villager (Male) |
| 3:59 | Create | Villager (Male) |
| 4:35 | Create | Villager (Male) |
| 4:35 | Create | Villager (Male) |
| 4:35 | Create | Villager (Male) |
| 4:35 | Create | Villager (Male) |
| 5:24 | Build | Lumber Camp |
| 6:02 | Create | Villager (Male) |
| 6:02 | Create | Villager (Male) |
| 6:03 | Create | Villager (Male) |
| 6:03 | Create | Villager (Male) |
| 6:59 | Build | House |
| 7:08 | Build | Palisade Wall |
| 7:52 | Create | Villager (Male) |
| 7:52 | Create | Villager (Male) |
| 8:12 | Build | Mill |
| 8:37 | Build | Mill |
| 8:48 | Build | Lumber Camp |
| 8:56 | Research | Feudal Age |
| 8:58 | Research | Loom |
| 10:18 | Build | Barracks |
| 11:06 | Age | Feudal Age |
| 11:10 | Create | Villager (Male) |
| 11:19 | Build | Stable |
| 11:37 | Research | Double-Bit Axe |
| 11:56 | Create | Villager (Male) |
| 11:56 | Create | Villager (Male) |
| 11:57 | Create | Villager (Male) |
| 12:03 | Create | Scout Cavalry |
| 12:04 | Create | Scout Cavalry |
| 12:04 | Create | Scout Cavalry |
| 12:17 | Build | Blacksmith |
| 12:39 | Create | Villager (Male) |
| 12:48 | Build | Mining Camp |
| 13:05 | Build | Farm |
| 13:13 | Create | Scout Cavalry |
| 13:36 | Build | House |
| 13:49 | Build | House |
| 13:57 | Research | Scale Barding Armor |
| 14:22 | Create | Villager (Male) |
| 14:23 | Create | Villager (Male) |
| 15:19 | Create | Scout Cavalry |
| 15:20 | Create | Scout Cavalry |
| 15:37 | Build | House |
| 15:39 | Build | House |
| 15:48 | Create | Villager (Male) |
| 15:48 | Create | Villager (Male) |
| 15:49 | Create | Villager (Male) |
| 16:25 | Create | Villager (Male) |
| 16:25 | Create | Villager (Male) |
| 16:25 | Create | Villager (Male) |
| 16:25 | Create | Villager (Male) |
| 16:38 | Create | Villager (Male) |
| 16:40 | Research | Horse Collar |
| 17:16 | Create | Villager (Male) |
| 17:16 | Create | Villager (Male) |
| 17:21 | Build | Farm |
| 17:21 | Build | Farm |
| 17:21 | Build | Farm |
| 17:21 | Build | Farm |
| 17:22 | Build | Farm |
| 17:22 | Build | Farm |
| 17:23 | Build | Farm |
| 17:28 | Build | Farm |
Match timeline
| 7:08 | cuilao8123 · wall_segment Palisade Wall x6 |
| 7:17 | LRNI_Ghost-Jhon · first_building Barracks |
| 7:42 | SRBinBlue · wall_segment Palisade Wall x14 |
| 8:33 | Petrovisky · first_building Barracks |
| 8:37 | LRNI_Bélico · first_building Barracks |
| 8:51 | LRNI_Ghost-Jhon · wall_segment Palisade Wall x6 |
| 8:56 | Petrovisky · age_up feudal |
| 9:14 | LRNI_robotech · first_building Barracks |
| 9:27 | LRNI_robotech · age_up feudal |
| 9:36 | Petrovisky · first_building Archery Range |
| 9:43 | LRNI_Ghost-Jhon · age_up feudal |
| 9:47 | LRNI_Ghost-Jhon · first_building Stable |
| 9:51 | LRNI_Ghost-Jhon · wall_segment Palisade Wall x1 |
| 10:00 | SRBinBlue · first_building Barracks |
| 10:09 | LRNI_robotech · first_building Stable |
| 10:14 | SRBinBlue · wall_segment Palisade Wall x22 |
| 10:18 | cuilao8123 · first_building Barracks |
| 10:24 | LRNI_Bélico · age_up feudal |
| 10:32 | LRNI_Bélico · first_building Archery Range |
| 10:40 | SRBinBlue · age_up feudal |
| 10:55 | SRBinBlue · wall_segment Palisade Wall x4 |
| 11:06 | cuilao8123 · age_up feudal |
| 11:17 | LRNI_robotech · wall_segment Palisade Wall x6 |
| 11:19 | cuilao8123 · first_building Stable |
| 11:21 | SRBinBlue · first_building Archery Range |
| 11:48 | LRNI_Ghost-Jhon · wall_segment Palisade Wall x11 |
| 11:57 | Petrovisky · wall_segment Palisade Wall x10 |
| 12:14 | JERRY · wall_segment Palisade Wall x1 |
| 12:19 | LRNI_robotech · wall_segment Palisade Wall x4 |
| 12:27 | MOJO JOJO · age_up feudal |
| 12:30 | SRBinBlue · wall_segment Stone Wall x7 |
| 12:50 | LRNI_robotech · wall_segment Palisade Wall x6 |
| 12:53 | JERRY · wall_segment Palisade Wall x1 |
| 13:05 | LRNI_robotech · wall_segment Palisade Wall x3 |
| 13:31 | JERRY · age_up feudal |
| 14:01 | SRBinBlue · wall_segment Stone Wall x6 |
| 14:08 | SRBinBlue · wall_segment Stone Wall x11 |
| 14:10 | SRBinBlue · wall_segment Stone Wall x3 |
| 14:11 | Petrovisky · wall_segment Palisade Wall x12 |
| 14:37 | SRBinBlue · wall_segment Stone Wall x6 |
| 14:42 | SRBinBlue · wall_segment Stone Wall x6 |
| 14:48 | JERRY · first_building Stable |
| 14:54 | LRNI_Bélico · wall_segment Palisade Wall x17 |
| 15:00 | LRNI_robotech · wall_segment Palisade Wall x1 |
| 16:35 | JERRY · age_up castle |
| 16:45 | MOJO JOJO · age_up castle |
| 17:16 | SRBinBlue · resign |
[ AI ANALYSIS · 1 CREDIT ]
What really happened in this match?
Wolo.gg analyzes every decision: build order, eco, micro, common mistakes by bracket. Personalized analysis on WhatsApp or Discord in 30 seconds.
Civ guide
Saracens
Perfil
Petrovisky